 Dungeon Crawl Stone Soup version 0.31.0-11-ge490571c62 (console) character file.

Game seed: 9273751145644664383

225 AlterAsc the Digger (level 5, -3/28 HPs)
             Began as a Deep Elf Earth Elementalist on Feb 10, 2024.
             Splashed by a jelly's acid (7 damage)
             ... on level 4 of the Dungeon.
             The game lasted 00:05:57 (2826 turns).

AlterAsc the Digger (Deep Elf Earth Elementalist)   Turns: 2826, Time: 00:05:58

Health: -3/28      AC:  3    Str:  5    XL:     5   Next: 68%
Magic:  3/11       EV: 12    Int: 31    God:
Gold:   50         SH:  0    Dex: 15    Spells: 6/10 levels left

rFire   x . .        (no weapon)
rCold   . . .        (no shield)
rNeg    . . .        o - +0 robe "Nexkip" {rElec rPois rF- Int+9}
rPois   +            (no helmet)
rElec   +            (no cloak)
rCorr   .            (no gloves)
SInv    .            j - +0 pair of boots
Will    .....        (no amulet)
Stlth   ++           (no ring)
HPRegen 0.24/turn    (no ring)
MPRegen 0.12/turn

%: no passive effects
@: no status effects
A: no striking features
a: no special abilities


You were on level 4 of the Dungeon.
You visited 1 branch of the dungeon, and saw 4 of its levels.

You collected 152 gold pieces.
You spent 102 gold pieces at shops.

Inventory:

Armour
 a - a +0 robe
 j - a +0 pair of boots (worn)
 o - the +0 robe "Nexkip" (worn) {rElec rPois rF- Int+9}
   (You bought it in a shop on level 2 of the Dungeon)

   Int+9:     It affects your intelligence (+9).
   rF-:       It makes you vulnerable to fire.
   rElec:     It insulates you from electricity.
   rPois:     It protects you from poison
Scrolls
 c - 3 scrolls of teleportation {unknown}
 d - 3 scrolls of identify {unknown}
 f - 3 scrolls of poison {unknown}
 g - 2 scrolls of immolation {unknown}
 i - 3 scrolls of fear {unknown}
 k - 3 scrolls of summoning {unknown}
 m - a scroll of vulnerability {unknown}
 p - 3 scrolls of fog {unknown}
Potions
 b - a potion of magic
 e - a potion of might {unknown}
 h - a potion of lignification {unknown}
 l - a potion of curing {unknown}
 n - a potion of attraction {unknown}
 q - a potion of degeneration {unknown}


   Skills:
 - Level 2.4 Dodging
 - Level 2.4 Stealth
 - Level 3.0 Spellcasting
 - Level 3.0 Conjurations
 + Level 6.5 Earth Magic


You had 6 spell levels left.
You knew the following spells:

 Your Spells              Type           Power      Damage    Failure   Level
a - Sandblast             Erth           88%        2d18      1%          1
b - Stone Arrow           Conj/Erth      68%        3d11      2%          3

Your spell library contained the following spells:

 Spells                   Type           Power      Damage    Failure   Level
 Passwall                 Erth           44%        N/A       1%          3
 Cigotuvi's Dreadful Rot  Necr/Alch/Air  8%         N/A       10%         2
 Brom's Barrelling Bould  Conj/Erth      34%        2d5       10%         4
 Dazzling Flash           Conj/Hex       26%        N/A       11%         3
 Mephitic Cloud           Conj/Alch/Air  10%        N/A       13%         3
 Petrify                  Alch/Erth      24%        N/A       17%         4
 Ignite Poison            Fire/Alch      4%         N/A       54%         4
 Freezing Cloud           Conj/Ice/Air   5%         6-21      77%         5
 Curse of Agony           Necr           4%         N/A       88%         5
 Silence                  Hex/Air        2%         N/A       88%         5


Dungeon Overview and Level Annotations

Branches:
Dungeon (4/15)
 Temple: D:4-7

Altars:

Shops:
D:2 [


Message History

Aiming: Sandblast (safe; 1% risk of failure)
Press: ? - help, Shift-Dir - straight line, f/p - orc priest
Aim: an orc priest, wielding a +0 hand axe and wearing a +0 scale mail (87% to hit)
The blast of sand hits the orc priest.
The orc priest is moderately wounded.
The orc priest closely misses you.
Casting: Sandblast (safe; 1% risk of failure)
Confirm with . or Enter, or press ? or * to list all spells.
Aiming: Sandblast (safe; 1% risk of failure)
Press: ? - help, Shift-Dir - straight line, f/p - orc priest
Aim: an orc priest, wielding a +0 hand axe and wearing a +0 scale mail (moderately wounded, 87% to hit)
Okay, then.
Casting: Sandblast (safe; 1% risk of failure)
Confirm with . or Enter, or press ? or * to list all spells.
Aiming: Stone Arrow (dangerous; 3% risk of failure)
Press: ? - help, Shift-Dir - straight line, f/p - orc priest
Aim: an orc priest, wielding a +0 hand axe and wearing a +0 scale mail (moderately wounded, 77% to hit)
The stone arrow hits the orc priest.
The orc priest is severely wounded.
The orc priest mumbles some strange prayers to Beogh against you.
You struggle to resist.
Casting: Stone Arrow (dangerous; 3% risk of failure)
Confirm with . or Enter, or press ? or * to list all spells.
Aiming: Stone Arrow (dangerous; 3% risk of failure)
Press: ? - help, Shift-Dir - straight line, f/p - orc priest
Aim: an orc priest, wielding a +0 hand axe and wearing a +0 scale mail (severely wounded, 77% to hit)
The stone arrow hits the orc priest!
You kill the orc priest!
Unknown command.
The jelly attacks as it pursues you! The jelly hits you but does no damage.
The jelly attacks as it pursues you! The jelly misses you.
The jelly attacks as it pursues you! The jelly completely misses you.
The orc priest invokes the aid of Beogh against you.
Beogh smites you!
* * * LOW HITPOINT WARNING * * *
The jelly attacks as it pursues you! The jelly barely misses you.
The jelly attacks as it pursues you! The jelly hits you.
* * * LOW HITPOINT WARNING * * *
You are splashed with acid!
You die...

######### #.......#
#.#####.# #.#
#.############ #.#
#............# #.#
#####........# #.#
#.#####..# #####.#######
#.# #..# #.........@.#
#.#####..# .
#.###.#####J# #..o.oo..#
.# #.###.## #.#
#..####..#.# #.##...# #.#
#..# #...#
#.##...####o###..# #...#
#.##.............# #...#
#...........o...## #.o.#
#...........##### #...#
#.........###########...#
####...##...............#
#...#.###.#.######..#o


You could see a jelly, an orc priest and an orc.

Vanquished Creatures
  An orc priest (D:4)
  Natasha (thrice) (D:2)
  5 adders
  4 dart slugs
  A ribbon worm (D:2)
  3 bats
  9 endoplasms
  3 giant cockroaches (D:1)
  5 goblins
  4 hobgoblins (D:1)
  2 jackals (D:2)
  3 quokkas
  9 ball pythons
  7 frilled lizards
  4 kobolds (D:1)
  6 rats
69 creatures vanquished.

Notes
Turn   | Place    | Note
-------+----------+-------------------------------------------
     0 | D:1      | AlterAsc the Deep Elf Earth Elementalist began the quest
                  | for the Orb.
     0 | D:1      | Reached XP level 1. HP: 10/10 MP: 6/6
   197 | D:1      | Reached skill level 4 in Earth Magic
   197 | D:1      | Reached XP level 2. HP: 15/15 MP: 6/8
   708 | D:1      | Reached XP level 3. HP: 19/19 MP: 7/9
   967 | D:1      | Learned a level 3 spell: Stone Arrow
  1006 | D:2      | Noticed Natasha
  1010 | D:2      | Killed Natasha
  1011 | D:2      | Reached skill level 5 in Earth Magic
  1056 | D:2      | Found Nyirch's Antique Armour Shop.
  1070 | D:2      | Reached XP level 4. HP: 24/24 MP: 7/10
  1191 | D:2      | Noticed Natasha
  1204 | D:2      | Killed Natasha
  1294 | D:2      | Noticed Natasha
  1325 | D:2      | Killed Natasha
  1326 | D:2      | Reached XP level 5. HP: 28/28 MP: 6/11
  2150 | D:3      | Reached skill level 6 in Earth Magic
  2409 | D:2      | Bought a distressingly furry robe for 102 gold pieces
  2409 | D:2      | Identified the +0 robe "Nexkip" {rElec rPois rF- Int+9}
                  | (You bought it in a shop on level 2 of the Dungeon)
  2826 | D:4      | Splashed by a jelly's acid

Illustrated notes

Levels and vault maps discovered:
D:1:      matt_arrival_diagonals, layout_basic, minmay_split_cup_large
D:2:      layout_basic, serial_shops, nicolae_shop_hallway_stairs, st_stairs_10,
          uniq_natasha
D:3:      layout_basic, corexii_item_surrounded_by_moat
D:4:      layout_loops_ring, nicolae_ru_awakened_eye

Skill      XL: |  1  2  3  4  5 |
---------------+----------------+-----
Earth Magic    | 4 5 6 |  6.5
Conjurations   | 2 3 |  3.0
Dodging        | |  2.4
Stealth        | |  2.4
Spellcasting   | |  3.0

Action                     |  1- 3 |  4- 6 || total
---------------------------+-------+-------++-------
  Melee: Unarmed           |     2 |       ||     2
   Cast: Sandblast         |    45 |    46 ||    91
         Stone Arrow       |       |     2 ||     2
 Armour: Robe              |     5 |     8 ||    13
  Dodge: Dodged            |     7 |    10 ||    17
